[Event "25th Bosnjaci Open 2020"]
[Site "Bosnjaci"]
[Date "2020.01.06"]
[Round "6.13"]
[White "Kirilov, Ivaylo"]
[Black "Vidovic, Sasa"]
[Result "0-1"]
[ECO "B07"]
[WhiteElo "1869"]
[BlackElo "2187"]
[Annotator "ChessBase"]
[PlyCount "68"]
[EventDate "2020.01.03"]
[EventType "swiss"]
[EventCountry "CRO"]
[SourceTitle "playchess.com"]
[Source "ChessBase"]
[SourceQuality "1"]
[TimeControl "5400+30"]

1. e4 d6 2. d4 Nf6 3. Nc3 c6 4. a4 Qa5 5. Bd2 e5 6. Nd5 Qd8 7. Nxf6+ Qxf6 8. Be3 h6 9. Bc4 Be7 10. h3 O-O 11. c3 Qg6 12. Qf3 Kh8 13. g4 exd4 14. Bxd4 c5 15. Be3 Nc6 16. Bd3 Ne5 17. Qe2 d5 18. f3 Nxd3+ 19. Qxd3 dxe4 20. Qxe4 Bh4+ 21. Kf1 f5 22. Qd3 b6 23. Ne2 Qf7 24. g5 hxg5 25. Bf2 Be6 26. Bxh4 Bc4 27. Qd2 gxh4 28. Kf2 f4 29. Rae1 Rad8 30. Qc2 Bb3 31. Qe4 Rfe8 32. Qc6 Bd5 33. Qb5 Bc4 34. Qc6 Re6 0-1

[Event "25th Bosnjaci Open 2020"]
[Site "Bosnjaci"]
[Date "2020.01.06"]
[Round "6.14"]
[White "Ljikar, Zoran"]
[Black "Brkic, Zdenko"]
[Result "1/2-1/2"]
[ECO "B01"]
[WhiteElo "2179"]
[BlackElo "2036"]
[Annotator "ChessBase"]
[PlyCount "121"]
[EventDate "2020.01.03"]
[EventType "swiss"]
[EventCountry "CRO"]
[SourceTitle "playchess.com"]
[Source "ChessBase"]
[SourceQuality "1"]
[TimeControl "5400+30"]

1. e4 d5 2. exd5 Qxd5 3. Nc3 Qd8 4. d4 g6 5. h3 Bg7 6. Nf3 Nf6 7. Bc4 O-O 8. O-O b6 9. Bf4 Bb7 10. Qe2 a6 11. a4 Nc6 12. Rad1 Nb4 13. Rfe1 Bxf3 14. gxf3 Qd7 15. Qxe7 Qf5 16. Qe5 Qxh3 17. Bf1 Qxf3 18. Bg2 Qg4 19. f3 Qd7 20. Qxc7 Nxc2 21. Re7 Qxc7 22. Bxc7 Ra7 23. d5 Ne3 24. Rxe3 Rxc7 25. d6 Ra7 26. Re7 Nd7 27. f4 Bf6 28. Re4 Nc5 29. Rc4 Rd8 30. a5 Ne6 31. axb6 Rad7 32. b7 Rb8 33. Rc8+ Rd8 34. Rxb8 Rxb8 35. Nd5 Bd8 36. Rc1 Kg7 37. Nc7 Nxf4 38. Nxa6 Rxb7 39. Bxb7 Ne2+ 40. Kf2 Nxc1 41. Ke3 Kf6 42. Kd4 Ke6 43. Bd5+ Kxd6 44. Bxf7 Bf6+ 45. Ke4 Ne2 46. b4 Nc3+ 47. Kd3 Nd5 48. b5 Bd8 49. Nb8 Ne7 50. Be8 Bb6 51. Nd7 Nd5 52. Bf7 Kxd7 53. Bxd5 Ke7 54. Ke4 Kf6 55. Kf4 h5 56. Kg3 g5 57. Bf3 Bc7+ 58. Kh3 Kg6 59. Be2 h4 60. Kg4 Kf6 61. Bf3 1/2-1/2

[Event "25th Bosnjaci Open 2020"]
[Site "Bosnjaci"]
[Date "2020.01.07"]
[Round "7.6"]
[White "Matanovic, Luka"]
[Black "Babic, Zvonko"]
[Result "1/2-1/2"]
[ECO "B07"]
[WhiteElo "2256"]
[BlackElo "2165"]
[Annotator "ChessBase"]
[PlyCount "28"]
[EventDate "2020.01.03"]
[EventType "swiss"]
[EventCountry "CRO"]
[SourceTitle "playchess.com"]
[Source "ChessBase"]
[SourceQuality "1"]
[TimeControl "5400+30"]

1. e4 d6 2. d4 Nf6 3. Bd3 e5 4. c3 Be7 5. Nf3 Bg4 6. Nbd2 c6 7. h3 Bxf3 8. Nxf3 Nbd7 9. O-O O-O 10. Re1 a5 11. Bc2 c5 12. Qd3 Qc7 13. Bb3 a4 14. Bd5 Nxd5 1/2-1/2

[Event "25th Bosnjaci Open 2020"]
[Site "Bosnjaci"]
[Date "2020.01.07"]
[Round "7.9"]
[White "Lazor, Vladimir"]
[Black "Zufic, Miroslav"]
[Result "1/2-1/2"]
[ECO "B90"]
[WhiteElo "2158"]
[BlackElo "2375"]
[Annotator "ChessBase"]
[PlyCount "132"]
[EventDate "2020.01.03"]
[EventType "swiss"]
[EventCountry "CRO"]
[SourceTitle "playchess.com"]
[Source "ChessBase"]
[SourceQuality "1"]
[TimeControl "5400+30"]

1. e4 c5 2. Nf3 d6 3. d4 cxd4 4. Nxd4 Nf6 5. Nc3 a6 6. a4 g6 7. Be2 Bg7 8. O-O O-O 9. Be3 Nc6 10. f3 Bd7 11. Qd2 Re8 12. Rfd1 Rc8 13. Nb3 Ne5 14. a5 Nc4 15. Bxc4 Rxc4 16. Qd3 Qc8 17. Nd2 Rc6 18. Nb3 Qb8 19. Na4 Rc7 20. Nb6 Be6 21. Nd4 Nd7 22. Nxd7 Bxd7 23. c4 Qc8 24. b3 f5 25. exf5 gxf5 26. Rac1 Rc5 27. Bd2 e5 28. Ne2 d5 29. cxd5 e4 30. fxe4 Rxe4 31. Be3 Rxc1 32. Nxc1 Bb5 33. Qd2 Bc3 34. Qf2 f4 35. Bb6 Qe8 36. d6 Bd7 37. h3 Be1 38. Qf3 Bg3 39. Nd3 h5 40. Bf2 Bxf2+ 41. Nxf2 Re1+ 42. Rxe1 Qxe1+ 43. Kh2 Qe5 44. Nd3 Qxd6 45. Nxf4 h4 46. Qe4 Kg7 47. b4 Kh6 48. Kg1 Qd1+ 49. Kf2 Qd2+ 50. Ne2 Kg5 51. Qe3+ Qxe3+ 52. Kxe3 Bc6 53. g3 hxg3 54. Nxg3 Kh4 55. Nf5+ Kxh3 56. Ne7 Bg2 57. Kf4 Bh1 58. Ke5 Kg3 59. Kd6 Kf4 60. Kc7 Ke5 61. Nc8 Kd4 62. Nd6 Kc3 63. b5 axb5 64. Nxb5+ Kb4 65. Kb6 Bg2 66. Nd6 Bf3 1/2-1/2

[Event "25th Bosnjaci Open 2020"]
[Site "Bosnjaci"]
[Date "2020.01.09"]
[Round "9.10"]
[White "Zovko, Mario"]
[Black "Mesic, Ismet"]
[Result "1-0"]
[ECO "C14"]
[WhiteElo "2330"]
[BlackElo "1874"]
[Annotator "RC"]
[PlyCount "99"]
[EventDate "2020.01.03"]
[EventType "swiss"]
[EventCountry "CRO"]
[SourceTitle "playchess.com"]
[Source "ChessBase"]
[SourceQuality "1"]
[TimeControl "5400+30"]

1. e4 e6 2. d4 d5 3. Nc3 Nf6 4. Bg5 Be7 5. e5 Nfd7 6. Bxe7 Qxe7 7. f4 a6 8. Qg4 f5 9. exf6 Nxf6 10. Qh4 c5 11. Nf3 Nc6 12. O-O-O cxd4 13. Nxd4 Nxd4 14. Rxd4 Qc5 15. Rd1 Bd7 16. Bd3 O-O-O 17. Qg5 Rhg8 18. Rhe1 h6 19. Qe5 Ng4 20. Qe2 Nf2 21. Rd2 Nxd3+ 22. Qxd3 Rgf8 23. Qg3 Rf7 24. Rd3 Qc7 25. Ne2 Kb8 26. Qe3 Bb5 27. Rd4 Re8 28. Nc3 Bc6 29. g3 Qd7 30. a3 Kc8 31. Rb4 Kb8 32. Rd4 Kc8 33. Qd2 Qc7 34. h4 Rf6 35. Re5 Ref8 36. Qe3 Bd7 37. Rd3 Kb8 38. Ne2 Re8 39. Nd4 Qd6 40. Rb3 Qc7 41. Qe2 Ka8 42. Ree3 Qd6 43. Nf3 Bb5 44. Qd2 Kb8 45. Qd4 Rc8 46. Rec3 Rff8 47. a4 Bc4 48. Rb6 Rc6 49. Rxc6 Qxc6 50. b3 1-0